 Dungeon Crawl Stone Soup version 0.18-a0-1799-g6250cb2 (webtiles) character file.

211 Chiseanne the Ruffian (level 5, -12/53 HPs)
             Began as a Troll Monk on Apr 23, 2016.
             Mangled by an ogre
             ... wielding a +0 giant club
              (17 damage)
             ... on level 4 of the Dungeon.
             The game lasted 00:04:35 (1996 turns).

Chiseanne the Ruffian (Troll Monk)                  Turns: 1996, Time: 00:04:37

Health: -12/53     AC:  5    Str: 19    XL:     5   Next: 57%
Magic:  4/4        EV: 11    Int:  6    God:
Gold:   94         SH:  0    Dex: 13    Spells: 0 memorised, 4 levels left

rFire  . . .     SeeInvis .       - Unarmed
rCold  . . .     Gourm    +     a - +0 robe
rNeg   . . .     Faith    .     (no shield)
rPois  .         Spirit   .     (helmet restricted)
rElec  .         Dismiss  .     (no cloak)
rCorr  .         Reflect  .     (gloves unavailable)
SustAt .         Harm     .     (boots unavailable)
MR     .....                    (no amulet)
Stlth  +.........               (no ring)
                                (no ring)

@: not resistant to hostile enchantments, very unstealthy
A: unfitting armour, claws 3, fast metabolism 3, gourmand, regeneration 2,
shaggy fur 1, tough skin 2
a: no special abilities


You were on level 4 of the Dungeon.
You were completely stuffed.

You visited 1 branch of the dungeon, and saw 4 of its levels.

You collected 94 gold pieces.

Inventory:

Missiles
 c - 155 stones
 f - 17 arrows
 l - 39 sling bullets
 p - 14 bolts
 s - 2 tomahawks (quivered)
 v - 2 throwing nets {!*}
Armour
 a - a +0 robe (worn)
Jewellery
 j - a +5 ring of dexterity {unknown}
 n - a +5 ring of dexterity {unknown}
Wands
 q - a wand of random effects (19/48)
Scrolls
 e - a scroll of blinking {unknown}
 g - a scroll of random uselessness {unknown}
 i - 4 scrolls of noise {unknown}
 k - 2 scrolls of identify {unknown}
 o - a scroll of teleportation {unknown}
 u - a scroll of amnesia {unknown}
Potions
 d - a potion of heal wounds {unknown}
 h - 2 potions of haste {unknown}
Comestibles
 b - 2 bread rations
 m - a chunk of flesh
 r - a slice of pizza
 t - a beef jerky


   Skills:
 * Level 3.5 Fighting
 * Level 2.6 Throwing
 * Level 3.5 Dodging
 - Level 1.1 Stealth
 - Level 4.0 Unarmed Combat


You had 4 spell levels left.
You didn't know any spells.

Dungeon Overview and Level Annotations

Branches:
Dungeon (4/15)
 Temple: D:4-7

Altars:
Fedhas
Gozag
Kikubaaqudgha
Qazlal
Xom
Zin


Innate Abilities, Weirdness & Mutations

You are too large for most types of armour.
You have claws for hands.
Your metabolism is lightning-fast.
You like to eat raw meat.
You heal very quickly.
You are covered in fur (AC +1).
You have very tough skin (AC +2).


Message History

The ogre is heavily wounded.
You scratch the ogre.
The ogre is heavily wounded.
The ogre hits you with a giant club!!
You scratch the ogre.
The ogre is heavily wounded.
The ogre hits you with a giant club!
You closely miss the ogre.
The ogre is heavily wounded.
The ogre hits you with a giant club!!
* * * LOW HITPOINT WARNING * * *
You scratch the ogre.
The ogre is heavily wounded.
You scratch the ogre.
The ogre is severely wounded.
The ogre barely misses you.
You barely miss the ogre.
The ogre is severely wounded.
The ogre hits you with a giant club!
You die...

.....< #.(...#
###### #.....#
#....# #.....#
#....###.....#
#............##
###.....(.......#
+.......O.......#
#......@....##+#
#......####.(....
#......# .....
#....<.# ....
######## .S. .. .


You could see an ogre.

Vanquished Creatures
  Jessica (D:2)
  4 gnolls
  4 adders
  A worm (D:1)
  3 dart slugs
  8 giant geckos
  5 orcs
  11 bats
  A bat zombie (D:2)
  4 giant cockroaches
  10 goblins
  5 hobgoblins
  14 kobolds
  3 quokkas
  2 giant newts (D:1)
  6 rats
  4 rat zombies (D:2)
86 creatures vanquished.

Notes
Turn   | Place    | Note
--------------------------------------------------------------
     0 | D:1      | Chiseanne the Troll Monk began the quest for the Orb.
     0 | D:1      | Reached XP level 1. HP: 22/22 MP: 0/0
    72 | D:1      | Reached XP level 2. HP: 29/29 MP: 1/1
   393 | D:1      | Reached skill level 1 in Throwing
   436 | D:1      | Reached XP level 3. HP: 37/37 MP: 2/2
   714 | D:2      | Found a stormy altar of Qazlal.
   715 | D:2      | Noticed a water elemental
   716 | D:2      | Noticed a fire elemental
   716 | D:2      | Noticed an air elemental
   716 | D:2      | Noticed an earth elemental
   834 | D:2      | Reached XP level 4. HP: 45/45 MP: 3/3
   998 | D:2      | Found an ancient bone altar of Kikubaaqudgha.
  1152 | D:2      | Found a blossoming altar of Fedhas.
  1155 | D:2      | Found a glowing silver altar of Zin.
  1158 | D:2      | Found an opulent altar of Gozag.
  1262 | D:2      | Noticed Jessica
  1269 | D:2      | Killed Jessica
  1453 | D:3      | Found a faded altar to an unknown god.
  1460 | D:3      | Reached XP level 5. HP: 48/53 MP: 4/4
  1943 | D:3      | Found a shimmering altar of Xom.
  1985 | D:4      | Noticed an ogre
  1996 | D:4      | Mangled by an ogre

Vault maps used:
D:1:      evilmike_arrival_run_for_it
D:2:      kennysheep_big_flooded_room, lemuel_zombie_altar_kikubaaqudgha,
          grunt_temple_overflow_diamond, nicolae_qazlal_style_of_elements,
          hangedman_feature_mirror, serial_bayou_lagoon_a, uniq_jessica
D:3:      lemuel_round_altar, ecumenical_altar_1
D:4:      lemuel_doored_altar

Skill      XL: |  1  2  3  4 |
---------------+-------------+-----
Throwing       | 1 2 |  2.6
Fighting       | 3 |  3.5
Dodging        | 3 |  3.5
Stealth        | |  1.1
Unarmed Combat | |  4.0

Action                   |  1- 3 |  4- 6 || total
-------------------------+-------+-------++-------
Melee: Unarmed           |    83 |   145 ||   228
       Punch             |     2 |     6 ||     8
Throw: Tomahawk          |       |     3 ||     3
 Stab: Sleeping          |     2 |     1 ||     3
  Eat: Chunk             |    13 |    11 ||    24
Armor: Robe              |    42 |    49 ||    91
Dodge: Dodged            |    60 |    97 ||   157
